 Dungeon Crawl Stone Soup version 0.30-a0-939-gc8157cb160 (webtiles) character file.

Game seed: 2696679801083319807

716 CrazyBamboolord the Insei (level 7, -1/40 HPs)
             Began as a Merfolk Transmuter on Mar 25, 2023.
             Was an Initiate of Hepliaklqana.
             Slain by an ice beast (4 damage)
             ... on level 5 of the Dungeon.
             The game lasted 00:10:00 (3953 turns).

CrazyBamboolord the Insei (Merfolk Transmuter)      Turns: 3953, Time: 00:10:01

Health: -1/40      AC:  2    Str:  7 (10) XL:     7   Next: 69%
Magic:  12/12      EV: 14    Int: 12 (15) God:    Hepliaklqana [......]
Gold:   41         SH:  0    Dex: 14 (17) Spells: 7/13 levels left

rFire   . . .      SeeInvis .      - Unarmed
rCold   . . .      Faith    .    (no shield)
rNeg    . . .      Spirit   .    a - +0 robe
rPois   .          Reflect  .    d - melded +2 hat
rElec   .          Rampage  .    (no cloak)
rCorr   .                        b - +0 pair of gloves {Dex+3}
Will    .....                    p - melded +0 pair of boots
Stlth   ++                       (no amulet)
HPRegen 0.26/turn                (no ring)
MPRegen 0.13/turn                (no ring)

@: appendages
A: horns 2, (nimble swimmer 2), mertail, deformed body, frail 2, sense
surroundings 1
a: End Transformation, Renounce Religion


You were on level 5 of the Dungeon.
You worshipped Hepliaklqana.
Hepliaklqana was noncommittal.
You had temporarily grown beastly horns.
You visited 1 branch of the dungeon, and saw 5 of its levels.

You collected 266 gold pieces.
You spent 225 gold pieces at shops.

Inventory:

Armour
 a - a +0 robe (worn)
 b - a +0 pair of gloves of dexterity (worn)
 d - a +2 hat (melded)
 o - a +0 helmet
 p - a +0 pair of boots (melded)
Wands
 x - a wand of iceblast (5)
Scrolls
 e - a scroll of amnesia
 f - 2 scrolls of vulnerability
 g - a scroll of fog
 i - a scroll of silence
 n - a scroll of poison {unknown}
 q - 2 scrolls of immolation
 t - 2 scrolls of brand weapon {unknown}
 u - a scroll of magic mapping {unknown}
 v - a scroll of blinking {unknown}
Potions
 c - a potion of invisibility
 h - 2 potions of magic
 j - a potion of might
 k - a potion of mutation
 s - a potion of cancellation {unknown}
 w - a potion of berserk rage {unknown}


   Skills:
 * Level 2.8 Fighting
 * Level 5.1 Dodging
 + Level 1.0 Stealth
 * Level 6.1 Unarmed Combat
 * Level 3.6 Spellcasting
 * Level 4.5 Transmutations
 * Level 2.2 Poison Magic


You had 7 spell levels left.
You knew the following spells:

 Your Spells              Type           Power      Damage    Failure   Level
a - Beastly Appendage     Tmut           26%        N/A       3%          1
b - Spider Form           Tmut/Pois      10%        N/A       17%         3
c - Wereblood             Tmut           13%        N/A       5%          2

Your spell library contained the following spells:

 Spells                   Type           Power      Damage    Failure   Level
 Ice Form                 Ice/Tmut       7%         N/A       65%         4


Dungeon Overview and Level Annotations

Branches:
Dungeon (5/15)
 Temple: D:4-7

Altars:
Hepliaklqana
Okawaru

Shops:
D:4 [*[*:


Innate Abilities, Weirdness & Mutations

You have temporarily grown beastly horns.
((You are very nimble when in or above water. (Stealth+, EV+, Speed+++)))
Your lower body shifts to a powerful aquatic tail in water.
Armour fits poorly on your strangely shaped body.
You are very frail. (-20% HP)
You passively map a small area around you.


Message History

You grow a pair of large bovine horns.
Your +2 hat melds into your body.
Your +0 pair of boots melds into your body.
You hit the ice beast. Your headbutt misses the ice beast.
The ice beast is lightly wounded.
You barely miss the ice beast.
The ice beast is lightly wounded.
The ice beast hits you. The ice beast freezes you!
You hit the ice beast but do no damage.
You headbutt the ice beast, but do no damage.
The ice beast is lightly wounded.
The ice beast hits you. The ice beast freezes you!
* * * LOW HITPOINT WARNING * * *
You are too injured to fight recklessly!
You are too injured to fight recklessly!
You are too injured to fight recklessly!
You are too injured to fight recklessly!
You are too injured to fight recklessly!
You are too injured to fight recklessly!
You are too injured to fight recklessly!
You are too injured to fight recklessly!
You are too injured to fight recklessly!
You are too injured to fight recklessly!
The ice beast closely misses you.
You hit the ice beast.
The ice beast is moderately wounded.
The ice beast closely misses you.
You barely miss the ice beast.
The ice beast is moderately wounded.
The ice beast hits you.
* * * LOW HITPOINT WARNING * * *
The ice beast freezes you!
* * * LOW HITPOINT WARNING * * *
You feel much better. The ice beast misses you.
You hit the ice beast.
The ice beast is heavily wounded.
The ice beast hits you. The ice beast freezes you!
* * * LOW HITPOINT WARNING * * *
Okay, then.
The ice beast hits you.
You die...

* #.# ..# ... ..# * *
######.###, ...#, ,
......... ,...* #,
.......####.# * *
#.####.........#,
...<#.#.......# *
#..........Y..##.#
*,#.##.#....@......# ,
#.#.# *#..##########.*
,* #.#.#
#.............
#.#.#####............,
*
#.#.........#########
*, #............# * *
, #............#
#............#
#............#


You could see an ice beast.

Vanquished Creatures
  Grinder (D:3)
  Eustachio (D:4)
  An ogre (D:3)
  Blork the orc (D:4)
  A howler monkey (D:4)
  An orc wizard (D:4)
  4 gnolls
  3 adders
  A worm (D:3)
  4 dart slugs
  4 orcs (D:3)
  9 ball pythons
  5 endoplasms
  3 giant cockroaches
  4 hobgoblins
  4 jackals (D:1)
  6 kobolds
  6 quokkas
  7 bats
  3 frilled lizards
  11 goblins
  7 rats
87 creatures vanquished.

Notes
Turn   | Place    | Note
-------+----------+-------------------------------------------
     0 | D:1      | CrazyBamboolord the Merfolk Transmuter began the quest for
                  | the Orb.
     0 | D:1      | Reached XP level 1. HP: 15/15 MP: 3/3
    68 | D:1      | Reached XP level 2. HP: 15/21 MP: 3/5
   208 | D:1      | Found a faded altar of an unknown god.
   445 | D:1      | Reached skill level 4 in Unarmed Combat
   445 | D:1      | Reached XP level 3. HP: 26/26 MP: 4/6
   449 | D:1      | Learned a level 3 spell: Spider Form
   453 | D:1      | Learned a level 2 spell: Wereblood
  1235 | D:2      | Reached XP level 4. HP: 26/32 MP: 4/7
  2296 | D:3      | Reached XP level 5. HP: 38/38 MP: 6/8
  2836 | D:4      | Noticed Grinder
  2836 | D:4      | Found Figidoug's Assorted Antiques.
  2940 | D:4      | Paralysed by Grinder for 2 turns
  2942 | D:4      | Noticed an ogre
  2967 | D:3      | Killed Grinder
  2968 | D:3      | Reached skill level 1 in Stealth
  2968 | D:3      | Reached skill level 5 in Unarmed Combat
  2968 | D:3      | Reached skill level 1 in Poison Magic
  2968 | D:3      | Reached XP level 6. HP: 36/45 MP: 8/10
  3055 | D:4      | Reached XP level 7. HP: 51/51 MP: 8/12
  3101 | D:4      | Bought a scroll labelled KUOBLE GEDWEL for 27 gold pieces
  3123 | D:4      | Found Judd's Armour Shoppe.
  3183 | D:4      | Found a hazy altar of Hepliaklqana.
  3184 | D:4      | Found an iron altar of Okawaru.
  3201 | D:4      | Became a worshipper of Hepliaklqana the Forgotten
  3215 | D:4      | Found Liumurox's Assorted Antiques.
  3226 | D:4      | Bought a scroll labelled XAURI KOBINGI for 21 gold pieces
  3226 | D:4      | Bought a scroll labelled QUJORU XIERPH for 21 gold pieces
  3226 | D:4      | Bought a white potion for 18 gold pieces
  3263 | D:4      | Noticed Blork the orc
  3279 | D:4      | Killed Blork the orc
  3432 | D:4      | Found Okhlik's Armour Boutique.
  3435 | D:4      | Bought a +0 pair of gloves of dexterity for 138 gold pieces
  3546 | D:4      | Noticed Eustachio
  3591 | D:4      | Gained mutation: You are frail. (-10% HP) [potion of
                  | mutation]
  3591 | D:4      | Gained mutation: You are very frail. (-20% HP) [potion of
                  | mutation]
  3591 | D:4      | Gained mutation: Armour fits poorly on your strangely
                  | shaped body. [potion of mutation]
  3591 | D:4      | Gained mutation: You passively map a small area around you.
                  | [potion of mutation]
  3615 | D:4      | Found Jet Afyo's Book Emporium.
  3646 | D:4      | Killed Eustachio
  3647 | D:4      | Reached skill level 5 in Dodging
  3647 | D:4      | Reached skill level 6 in Unarmed Combat
  3895 | D:5      | Entered Level 5 of the Dungeon
  3949 | D:5      | HP: 2/40 [ice beast (7)]
  3953 | D:5      | Slain by an ice beast

Illustrated notes

Levels and vault maps discovered:
D:1:      tarquinn_simple_flora_water_a, layout_loops_cross,
          ebering_ecumenical_altar_ruins
D:2:      layout_loops_ring, wander_ebering_terrifying_dragon_lair
D:3:      minmay_general_purpose_star, layout_basic
D:4:      layout_rooms, grunt_temple_overflow_open, serial_shops,
          nicolae_stop_n_shop_2, nicolae_shop_stone, shop,
          nicolae_shop_behind_doors, nicolae_shop_behind_doors,
          uniq_blork_the_orc, uniq_eustachio, uniq_grinder
D:5:      layout_basic

Skill      XL: |  1  2  3  4  5  6  7 |
---------------+----------------------+-----
Dodging        | 3 4 5 |  5.1
Unarmed Combat | 4 5 6 |  6.1
Transmutations | 3 4 |  4.5
Fighting       | 2 |  2.8
Stealth        | 1 |  1.0
Spellcasting   | 3 |  3.6
Poison Magic   | 1 2 |  2.2

Action                     |  1- 3 |  4- 6 |  7- 9 || total
---------------------------+-------+-------+-------++-------
  Melee: Unarmed           |   141 |   108 |    86 ||   335
         Headbutt          |    12 |    21 |     8 ||    41
         Punch             |     4 |     1 |     3 ||     8
   Cast: Beastly Appendage |    27 |    22 |     9 ||    58
         Spider Form       |       |     1 |     1 ||     2
    Use: Scroll            |       |     7 |     2 ||     9
         Potion            |       |     2 |     7 ||     9
   Stab: Sleeping          |     2 |     2 |     1 ||     5
 Armour: Robe              |    34 |    12 |    16 ||    62
         Skin              |       |       |     5 ||     5
  Dodge: Dodged            |   102 |    87 |    58 ||   247

Table legend: (Time is in decaauts)
 A = Elapsed time spent in this place.
 B = Non-inter-level travel time spent in this place.
 C = Inter-level travel time spent in this place.
 D = Time resting spent in this place.
 E = Time spent auto-exploring this place.
 F = Levels seen in this place.
 G = Mean time per level.
                   A        B        C        D        E       F      G
               +--------+--------+--------+--------+--------+-----+--------+
         Total |   3910 |   3823 |     87 |    273 |   2712 |   5 |  782.0 |
       Dungeon |   3910 |   3823 |     87 |    273 |   2712 |   5 |  782.0 |
               +--------+--------+--------+--------+--------+-----+--------+

Top non-repeatable levels by time:
     D:3: 1266 daAuts
     D:2: 888 daAuts
     D:1: 869 daAuts
     D:4: 829 daAuts
     D:5: 57 daAuts
